 Dungeon Crawl Stone Soup version 0.30.1-3-gfc49f6343a (webtiles) character file.

Game seed: 3154876965005363703

115004 Peloso the Peltast (level 16, -1/149 HPs)
             Began as a Minotaur Fighter on July 23, 2023.
             Was the Champion of Okawaru.
             Incinerated by a deep elf pyromancer (6 damage)
             ... with a sticky flame
             ... on level 1 of the Elven Halls.
             The game lasted 01:06:40 (31986 turns).

Peloso the Peltast (Minotaur Fighter)              Turns: 31986, Time: 01:06:41

Health: -1/149     AC: 34    Str: 26    XL:     16   Next: 17%
Magic:  14/16      EV: 12    Int:  5    God:    Okawaru [******]
Gold:   3531       SH: 17    Dex: 13    Spells: 15/15 levels left

rFire   . . .        a - +4 long sword of Dismay {spect, rN++}
rCold   + . .        d - +1 kite shield {AC+3}
rNeg    + + .        q - +3 plate armour of Ebloq {Stlth+}
rPois   .            S - +2 hat
rElec   +            X - +0 cloak {Stlth+}
rCorr   +            Y - +1 pair of gloves "Dinlaqug" {rC+ Will++ rCorr Dex-2}
SInv    .            x - +0 pair of boots
Will    ++++.        (no amulet)
Stlth   +            p - +4 ring of slaying
HPRegen 0.44/turn    W - ring "Lerutwey" {rElec Will+ rCorr Dex+2}
MPRegen 0.15/turn

%: no passive effects
@: on fire, heroic, glowing, studying Necromancy
A: horns 2, retaliatory headbutt
a: Renounce Religion, Heroism, Finesse, Duel


You were on level 1 of the Elven Halls.
You worshipped Okawaru.
Okawaru was exalted by your worship.
You visited 5 branches of the dungeon, and saw 24 of its levels.
You also visited: Trove, Sewer, Bailey and Ice Cave.

You collected 4639 gold pieces.
You spent 1108 gold pieces at shops.

Inventory:

Hand Weapons
 a - the +4 long sword of Dismay (weapon) {spect, rN++}
   (You found it on level 6 of the Dungeon)

   rN:        It greatly protects you from negative energy.
 b - a +5 long sword of venom
 c - a +2 double sword of flaming
Missiles
 U - a throwing net (quivered)
Armour
 d - a +1 kite shield of protection (worn)
 q - the +3 plate armour of Ebloq (worn) {Stlth+}
   (Okawaru gifted it to you in an ice cave)

   Stlth:     It makes you more stealthy.
 r - +0 ice dragon scales
 x - a +0 pair of boots (worn)
 L - +2 fire dragon scales
 S - a +2 hat (worn)
 X - a +0 cloak of stealth (worn)
 Y - the +1 pair of gloves "Dinlaqug" (worn) {rC+ Will++ rCorr Dex-2}
   (Okawaru gifted it to you on level 2 of the Lair of Beasts)

   Dex:       It affects your dexterity (-2).
   rC:        It protects you from cold.
   rCorr:     It protects you from acid and corrosion.
   Will:      It greatly increases your willpower.
Jewellery
 m - a ring of willpower
 p - a +4 ring of slaying (left hand)
 u - a +6 ring of intelligence
 v - an amulet of reflection
 w - a +6 ring of dexterity
 y - a ring of ice
 G - the ring "Duvukuk" {*Corrode +Blink rC+++ Will+ Int+2}
   (You found it in a bailey)

   [ring of willpower]

   Int:       It affects your intelligence (+2).
   rC:        It renders you almost immune to cold.
   +Blink:    It lets you blink.
   *Corrode:  It may corrode you when you take damage.
   Will:      It increases your willpower.
 I - a +6 ring of intelligence
 M - a ring of flight
 W - the ring "Lerutwey" (right hand) {rElec Will+ rCorr Dex+2}
   (You took it off Maurice on level 12 of the Dungeon)

   [ring of willpower]

   Dex:       It affects your dexterity (+2).
   rElec:     It insulates you from electricity.
   rCorr:     It protects you from acid and corrosion.
   Will:      It increases your willpower.
Wands
 g - a wand of flame (11)
 h - a wand of quicksilver (3)
 K - a wand of digging (3)
 Q - a wand of iceblast (9)
 T - a wand of mindburst (4)
Scrolls
 e - 2 scrolls of immolation
 i - 2 scrolls of enchant armour
 j - 2 scrolls of brand weapon
 k - a scroll of amnesia
 n - 2 scrolls of acquirement
 o - 3 scrolls of fear
 s - 16 scrolls of teleportation
 t - 2 scrolls of magic mapping
 C - a scroll of enchant weapon
 F - 5 scrolls of noise
 H - 4 scrolls of poison
 O - 16 scrolls of identify
 P - a scroll of blinking
 V - a scroll of fog
Potions
 f - 3 potions of berserk rage
 l - 4 potions of might
 z - 8 potions of flight
 A - 5 potions of haste
 B - 2 potions of invisibility
 D - a potion of resistance
 E - a potion of mutation
 J - a potion of heal wounds
 R - 5 potions of curing
Miscellaneous
 N - a lightning rod (4/4)


   Skills:
 + Level 15.6(20.6) Fighting
 + Level 16.4(21.4) Long Blades
 + Level 5.5(10.5) Axes
 + Level 16.8(21.8) Armour
 + Level 5.9(10.9) Dodging
 + Level 5.6(10.6) Stealth
 + Level 18.6(23.6) Shields
 + Level 2.1 Invocations
 + Level 0.8 Evocations


You had 15 spell levels left.
You didn't know any spells.
Your spell library contained the following spells:

 Spells                   Type           Power      Damage    Failure   Level
 Kiss of Death            Conj/Necr      0%         2d5       95%         1
 Slow                     Hex            0%         N/A       95%         1
 Ensorcelled Hibernation  Hex/Ice        0%         N/A       98%         2
 Static Discharge         Conj/Air       0%         2-2/arc   98%         2
 Confusing Touch          Hex            0%         N/A       100%        3
 Gell's Gravitas          Tloc           0%         N/A       100%        3
 Ignite Poison            Fire/Tmut/Pois 0%         N/A       100%        3
 Inner Flame              Hex/Fire       0%         N/A       100%        3
 Portal Projectile        Hex/Tloc       0%         N/A       100%        3
 Spider Form              Tmut/Pois      0%         N/A       100%        3
 Teleport Other           Tloc           0%         N/A       100%        3
 Vampiric Draining        Necr           0%         2d6       100%        3
 Vhi's Electric Charge    Tloc/Air       0%         N/A       100%        3
 Airstrike                Air            0%         2d(0-16)  100%        4
 Anguish                  Hex/Necr       0%         N/A       100%        4
 Cause Fear               Hex            0%         N/A       100%        4
 Dispel Undead            Necr           0%         3d6       100%        4
 Flame Wave               Conj/Fire      0%         2d4       100%        4
 Leda's Liquefaction      Hex/Erth       0%         N/A       100%        4
 Sticky Flame             Conj/Fire      0%         2d3       100%        4
 Arcjolt                  Conj/Air       0%         1d10      100%        5
 Blade Hands              Tmut           0%         N/A       100%        5
 Dispersal                Tloc           0%         N/A       100%        6
 Iron Shot                Conj/Erth      0%         9d1       100%        6
 Plasma Beam              Fire/Air       0%         2x1d11    100%        6
 Statue Form              Tmut/Erth      0%         N/A       100%        6
 Dragon Form              Tmut           0%         N/A       100%        7
 Ozocubu's Refrigeration  Ice            0%         4d7       100%        7
 Ignition                 Fire           0%         3d3       100%        8
 Maxwell's Capacitive Co  Air            0%         ∞         100%        8
 Chain Lightning          Conj/Air       0%         N/A       100%        9
 Fire Storm               Conj/Fire      0%         5d1       100%        9
 Polar Vortex             Ice            0%         N/A       100%        9
 Shatter                  Erth           0%         3d5*      100%        9
 Summon Small Mammal      Summ           Unusable   N/A       N/A         1
 Call Canine Familiar     Summ           Unusable   N/A       N/A         3
 Summon Guardian Golem    Hex/Summ       Unusable   N/A       N/A         3
 Animate Armour           Summ/Erth      Unusable   N/A       N/A         4
 Simulacrum               Ice/Necr       Unusable   N/A       N/A         6
 Dragon's Call            Summ           Unusable   N/A       N/A         9

Dungeon Overview and Level Annotations

Branches:
Dungeon (15/15)            Temple (1/1) D:6            Lair (5/5) D:8
 Shoals (0/4) Lair:3       Spider (0/4) Lair:2        Slime (0/5) Lair:5
    Orc (2/2) D:10            Elf (1/3) Orc:2        Vaults (0/5) D:14
 Depths (0/4) D:15          Sewer (visited)          Bailey (visited)
  IceCv (visited)

Altars:
Ashenzari
Cheibriados
Dithmenos
Elyvilon
Fedhas
Gozag
Hepliaklqana
Kikubaaqudgha
Makhleb
Nemelex Xobeh
Okawaru
Qazlal
Ru
Sif Muna
Trog
Uskayaw
Vehumet
Wu Jian
Xom
Yredelemnul
Zin
The Shining One
Jiyva

Shops:
Orc:2 (??[*

Annotations:
Lair:2 Casa
Elf:1 1 runed translucent door, 1 transporter, Jorgrun; crabbadon's ghost, adept MiHu


Innate Abilities, Weirdness & Mutations

You have a pair of horns on your head.
You reflexively headbutt those who attack you in melee.


Message History

Jorgrun is heavily wounded.
Your +4 long sword of Dismay {spect, rN++} barely misses Jorgrun.
You are covered in liquid flames!
You block the deep elf knight's attack. You block the fire elemental's attack.
You block Jorgrun's attack. The grasping roots constrict you!
The deep elf pyromancer closely misses you.
You furiously retaliate!
You headbutt the deep elf pyromancer!
You hear some strange, mumbled words.
A lance of force appears from out of thin air!
You block the lance of force.
You slash Jorgrun! Your headbutt misses Jorgrun.
Jorgrun is heavily wounded.
Your +4 long sword of Dismay {spect, rN++} hits Jorgrun!
The deep elf knight points at you and mumbles some strange words.
The lance of force hits you.
* * * LOW HITPOINT WARNING * * *
You are knocked back by the lance of force.
You collide with your +4 long sword of Dismay {spect, rN++}!
Your spectral weapon shares its damage with you!
Your +4 long sword of Dismay {spect, rN++} is moderately damaged.
* * * LOW HITPOINT WARNING * * *
x2 The fire elemental barely misses you.
You furiously retaliate!
You headbutt the fire elemental!
You hear some strange, mumbled words.
A shard of ice appears from out of thin air!
The shard of ice hits you!! You partially resist.
* * * LOW HITPOINT WARNING * * *
The deep elf pyromancer casts a spell at you.
The sticky flame hits you but does no damage.
You are covered in liquid flames!
Jorgrun hits your +4 long sword of Dismay {spect, rN++} but does no damage.
The grasping roots constrict you.
* * * LOW HITPOINT WARNING * * *
The grasping roots release their grip on you.
Blink to where?
Press: ? - help, Dir - move target
As you read the scroll of blinking, it crumbles to dust.
Your +4 long sword of Dismay {spect, rN++} disappears.
You are covered in liquid flames!
You die...

### #####....##...
#......+..######...'.....#...
+......+.........###.........
#......##..#####.# #.........
#......##..# ##'###.........
#......##..# ##...........#..
#+##..... #..###............+.#
......e{###....'............#.#
.....ee§.'....@'......#....##.#
......Eg.###..##.....###..# .©
.........# #..####++## +#
.....$...# #..# .........+ ...#
.........+....# +##......###...
+......# #[.. ##. ##.# ..


You could see Jorgrun (unaware).

Vanquished Creatures
  A deep elf sorcerer (Elf:1)
  A deep elf annihilator (Elf:1)
  Josephine (Lair:5)
  Fannar (D:10)
  3 ice dragons
  10 hydras
  2 two-headed ogres
  5 centaur warriors
  2 dancing weapons (D:14)
  3 boulder beetles
  A death knight (D:12)
  2 catoblepae
  An orc high priest (Elf:1)
  2 tengu warriors (D:15)
  7 death yaks (Lair:4)
  Sonja (Lair:4)
  A deep elf knight (Elf:1)
  6 skeletal warriors
  A skyshark (Lair:4)
  A fire crab (Lair:4)
  A pharaoh ant (Lair:2)
  The ghost of Moses069 the Cleaver, a novice MiBe of Trog (D:6)
  2 lindwurms (Lair:5)
  3 orc knights
  6 wizards
  A necromancer (D:15)
  9 ugly things
  4 deep elf pyromancers
  4 deep elf zephyrmancers
  2 wolf spiders
  4 manticores
  7 cyclopes
  A centaur zombie (D:15)
  Maurice (D:12)
  5 black mambas
  9 elephants
  A black mamba (shapeshifter) (D:14)
  A guardian serpent (shapeshifter) (D:14)
  2 ice statues (IceCv)
  An unseen horror (D:12)
  7 torpor snails
  2 centaur skeletons (D:15)
  12 cane toads
  A redback zombie (D:15)
  12 komodo dragons
  4 kobold demonologists (D:11)
  8 rime drakes
  2 tengu conjurers
  5 trolls
  2 ice devils (D:13)
  10 polar bears (Lair:5)
  3 tyrant leeches (Lair:5)
  A wind drake (Lair:3)
  9 hornets
  3 tarantellas (Lair:2)
  Grinder (D:4)
  2 wind drakes (shapeshifter)
  2 raiju (Lair:5)
  13 dream sheep
  26 blink frogs
  4 wraiths
  10 slime creatures
  2 shadows
  A centaur simulacrum (D:14)
  A spriggan (D:9)
  A fire elemental (Elf:1)
  2 water elementals
  50 yaks
  3 wyverns
  8 basilisks
  A steam dragon (D:8)
  5 vampire mosquitoes (D:11)
  7 wargs
  2 acid dragons (D:11)
  13 hell hounds (Lair:5)
  11 water moccasins
  48 orc warriors
  12 black bears
  2 sky beasts (D:7)
  6 ogres
  31 wolves
  2 phantoms
  13 centaurs
  14 bullfrogs
  5 kobold brigands
  5 scorpions
  5 gnoll sergeants
  5 wights (D:10)
  3 killer bees (D:11)
  7 lindwurm simulacra (IceCv)
  A howler monkey (D:7)
  4 electric eels
  8 komodo dragon simulacra (IceCv)
  4 jellies
  5 hounds
  A gnoll bouda (D:6)
  15 orc priests
  A sleepcap (D:6)
  A boggart zombie (D:15)
  A hell rat (Sewer)
  28 orc wizards
  5 acid dragon simulacra (IceCv)
  18 gnolls
  11 adders
  A river rat (Sewer)
  A shadow imp (D:5)
  A white imp (D:6)
  An ufetubus (D:4)
  A steam dragon simulacrum (IceCv)
  3 worms
  2 dart slugs
  90 orcs
  5 bats
  6 endoplasms
  10 giant cockroaches
  13 goblins
  11 hobgoblins
  2 jackals (D:2)
  3 quokkas
  7 ball pythons
  3 frilled lizards
  52 kobolds
  13 rats
  3 butterflies (D:11)
852 creatures vanquished.

Vanquished Creatures (others)
  A wizard (D:11)
  An orc (D:7)
  19 spectral weapons
21 creatures vanquished.

Grand Total: 873 creatures vanquished

Notes
Turn   | Place    | Note
-------+----------+-------------------------------------------
     0 | D:1      | Peloso the Minotaur Fighter began the quest for the Orb.
     0 | D:1      | Reached XP level 1. HP: 19/19 MP: 0/0
   194 | D:1      | Reached XP level 2. HP: 26/27 MP: 1/1
   468 | D:1      | Reached skill level 4 in Shields
   737 | D:1      | Reached XP level 3. HP: 30/33 MP: 2/2
  1174 | D:2      | Found a glowing silver altar of Zin.
  1588 | D:2      | Found a faded altar of an unknown god.
  1781 | D:3      | Reached XP level 4. HP: 41/41 MP: 3/3
  2016 | D:3      | Reached XP level 5. HP: 42/47 MP: 4/4
  2198 | D:3      | Noticed a phantom
  2206 | D:3      | Killed a phantom
  2207 | D:3      | Reached skill level 5 in Long Blades
  2477 | D:4      | Noticed a phantom
  2483 | D:4      | Killed a phantom
  2484 | D:4      | Reached skill level 5 in Armour
  2484 | D:4      | Reached skill level 1 in Dodging
  2484 | D:4      | Reached XP level 6. HP: 55/55 MP: 5/5
  2499 | D:4      | Reached skill level 5 in Fighting
  2519 | D:4      | Found a glowing drain.
  2559 | Sewer    | Entered a sewer
  2571 | Sewer    | Reached skill level 5 in Shields
  2914 | Sewer    | Identified a scroll of acquirement
  3447 | D:4      | Noticed Grinder
  3459 | D:4      | Killed Grinder
  3460 | D:4      | Reached XP level 7. HP: 60/61 MP: 6/6
  3575 | D:5      | Entered Level 5 of the Dungeon
  3809 | D:5      | Found a white marble altar of Elyvilon.
  4011 | D:5      | Reached XP level 8. HP: 35/68 MP: 7/7
  4591 | D:6      | Found a transporter.
  4633 | D:6      | Reached skill level 6 in Shields
  4931 | D:6      | Reached skill level 1 in Stealth
  5170 | D:6      | Found a staircase to the Ecumenical Temple.
  5249 | D:6      | Noticed Moses069's ghost (novice MiBe)
  5283 | D:6      | Found a transporter.
  5387 | Temple   | Entered the Ecumenical Temple
  5432 | Temple   | Became a worshipper of Warmaster Okawaru
  5790 | D:7      | Reached XP level 9. HP: 75/75 MP: 8/8
  5923 | D:7      | Reached * piety under Okawaru
  6081 | D:7      | Reached skill level 7 in Shields
  6343 | D:8      | Found a sacrificial altar of Ru.
  6564 | D:8      | You fall into a shaft and drop 3 floors!
  6836 | D:11     | Noticed a kobold demonologist
  6837 | D:11     | Noticed a kobold demonologist
  6837 | D:11     | Noticed a kobold demonologist
  6839 | D:11     | Noticed a red devil
  6840 | D:11     | Noticed a kobold demonologist
  6860 | D:11     | Noticed a soul eater
  6863 | D:11     | Noticed a rust devil
  6863 | D:11     | Killed a kobold demonologist
  6877 | D:11     | Killed a kobold demonologist
  6877 | D:11     | Reached ** piety under Okawaru
  6878 | D:11     | Reached skill level 10 in Long Blades
  6878 | D:11     | Reached skill level 8 in Shields
  6878 | D:11     | Noticed a hellwing
  6891 | D:11     | Killed a kobold demonologist
  6894 | D:11     | Noticed an ice devil
  6902 | D:11     | Killed a kobold demonologist
  7045 | D:10     | Entered Level 10 of the Dungeon
  7089 | D:10     | Reached XP level 10. HP: 30/86 MP: 9/9
  7310 | D:10     | Found a flagged portal.
  7323 | Bailey   | Entered a bailey
  7514 | Bailey   | Reached skill level 5 in Dodging
  7628 | Bailey   | Reached *** piety under Okawaru
  7649 | Bailey   | Reached skill level 9 in Shields
  7883 | Bailey   | Identified the ring "Duvukuk" {*Corrode +Blink rC+++ Will+
                  | Int+2}
  8055 | Bailey   | Identified the +3 ring mail of the Old World {rPois Will+++
                  | rCorr Int-5}
  8262 | D:10     | Found a staircase to the Orcish Mines.
  8263 | D:10     | Found a portal to a secret trove of treasure.
  8264 | D:10     | Noticed Fannar
  8323 | D:10     | Killed Fannar
  8533 | Trove    | Entered a treasure trove
  8562 | Trove    | Identified the +2 dagger of Ybusiam {vamp, +Blink rPois
                  | Dex-4}
  8564 | Trove    | Identified the +5 short sword of Ynefelez {vamp, rF+ Will++
                  | Dex-3}
  8573 | Trove    | Identified the +1 sling of the Gnashing Big Fish {chaos,
                  | Fragile rF+ Stlth+}
  8574 | Trove    | Identified the +1 short sword of Distant Worlds {chaos,
                  | SInv}
  8588 | Trove    | Identified the +4 short sword of the Thing {freeze, Fragile
                  | rC++ MP+9 Stlth+}
  8600 | Trove    | Identified the +2 dagger of Infinite Pain {venom, rPois}
  8693 | D:9      | Noticed a two-headed ogre
  8739 | D:10     | Killed a two-headed ogre
  8740 | D:10     | Reached skill level 10 in Shields
  9053 | D:10     | Reached XP level 11. HP: 84/95 MP: 10/10
  9314 | D:8      | Paralysed by a hornet for 3 turns
  9424 | D:8      | Found a staircase to the Lair.
  9861 | D:8      | Found a sacrificial altar of Ru.
 10181 | D:6      | Killed Moses069's ghost
 10407 | D:6      | Identified the +4 long sword of Dismay {spect, rN++}
 11391 | D:11     | Noticed a skeletal warrior
 11408 | D:11     | Killed a skeletal warrior
 11413 | D:11     | Reached skill level 11 in Shields
 11671 | D:11     | Found a runed translucent door.
 11673 | D:11     | Found a runed translucent door.
 11990 | D:12     | Noticed a wizard
 11990 | D:12     | Noticed a boulder beetle
 11991 | D:12     | Noticed a fire crab
 11993 | D:12     | Noticed a deep elf pyromancer
 11994 | D:12     | Noticed a wizard
 11998 | D:12     | a fire crab changed into a queen bee
 12001 | D:12     | Noticed a death knight
 12002 | D:12     | Noticed an eight-headed hydra
 12007 | D:12     | Noticed a five-headed hydra
 12011 | D:12     | Reached skill level 10 in Armour
 12025 | D:11     | Killed a five-headed hydra
 12026 | D:11     | Reached skill level 10 in Fighting
 12333 | D:11     | Killed a one-headed hydra
 12334 | D:11     | Reached skill level 1 in Axes
 12482 | D:11     | Killed a wizard
 12674 | D:11     | Killed a wizard
 12873 | D:12     | Killed a deep elf pyromancer
 12883 | D:12     | Killed a death knight
 12883 | D:12     | Reached **** piety under Okawaru
 12884 | D:12     | Reached XP level 12. HP: 47/107 MP: 11/11
 13107 | D:12     | Noticed a five-headed hydra
 13125 | D:12     | Killed a one-headed hydra
 13125 | D:12     | Reached ***** piety under Okawaru
 13420 | D:12     | Noticed an eight-headed hydra
 13425 | D:12     | Noticed an ice dragon
 13426 | D:12     | Killed a five-headed hydra
 13427 | D:12     | Reached skill level 12 in Shields
 13444 | D:12     | Killed an ice dragon
 13444 | D:12     | Received a gift from Okawaru
 13520 | D:12     | Killed a boulder beetle
 13521 | D:12     | Reached skill level 1 in Invocations
 14022 | D:12     | Noticed a boulder beetle
 14028 | D:12     | Noticed Maurice
 14044 | D:12     | Killed a boulder beetle
 14246 | D:12     | Identified the ring "Lerutwey" {rElec Will+ rCorr Dex+2}
 14257 | D:12     | Killed Maurice
 14606 | Lair:1   | Entered Level 1 of the Lair of Beasts
 14652 | Lair:1   | Identified the +8 triple sword "Beetleslayer" {holy, rN+
                  | Int+4 Dex+2} (Okawaru gifted it to you on level 1 of the
                  | Lair of Beasts)
 14652 | Lair:1   | Received a gift from Okawaru
 15242 | Lair:1   | Noticed a five-headed hydra
 15248 | Lair:1   | Killed a one-headed hydra
 15249 | Lair:1   | Reached skill level 5 in Axes
 15627 | Lair:1   | Reached XP level 13. HP: 116/116 MP: 13/13
 15904 | Lair:2   | Reached skill level 13 in Shields
 15928 | Lair:2   | Identified the +1 pair of gloves "Dinlaqug" {rC+ Will++
                  | rCorr Dex-2} (Okawaru gifted it to you on level 2 of the
                  | Lair of Beasts)
 15928 | Lair:2   | Received a gift from Okawaru
 16703 | Lair:2   | Found a hole to the Spider Nest.
 16964 | Lair:2   | You fall into a shaft and drop 2 floors!
 17126 | Lair:4   | Reached skill level 14 in Shields
 17620 | Lair:3   | Received a gift from Okawaru
 18806 | Lair:3   | Found a staircase to the Shoals.
 19546 | Lair:4   | Reached XP level 14. HP: 127/127 MP: 14/14
 19579 | Lair:4   | Reached skill level 15 in Shields
 19860 | Lair:4   | Reached skill level 15 in Long Blades
 19875 | Lair:4   | Received a gift from Okawaru
 20709 | Lair:4   | Noticed Sonja
 20713 | Lair:4   | Killed Sonja
 20717 | Lair:4   | Reached ****** piety under Okawaru
 21121 | Orc:1    | Entered Level 1 of the Orcish Mines
 21323 | Orc:2    | Entered Level 2 of the Orcish Mines
 21749 | Orc:2    | Received a gift from Okawaru
 22246 | Orc:2    | Found Tuqiutryum's Magic Scroll Boutique.
 22246 | Orc:2    | Found Roreiguo's Magic Scroll Shoppe.
 22248 | Orc:2    | Found Fipisoew's Weapon Emporium.
 22250 | Orc:2    | Found Otihonie's Armour Shop.
 22254 | Orc:2    | Bought a scroll of magic mapping for 135 gold pieces
 22264 | Orc:2    | Bought a scroll of brand weapon for 171 gold pieces
 22265 | Orc:2    | Bought a scroll of amnesia for 44 gold pieces
 22265 | Orc:2    | Bought a scroll of magic mapping for 82 gold pieces
 22350 | Orc:2    | Reached skill level 16 in Shields
 22934 | Orc:2    | Found Aoasar's Alliterative Accessories.
 22942 | Orc:2    | Bought a scroll of acquirement for 676 gold pieces
 22954 | Orc:2    | Found a staircase to the Elven Halls.
 23662 | D:13     | Found a frozen archway.
 23683 | IceCv    | Entered an ice cave
 23778 | IceCv    | Identified the +3 plate armour of Ebloq {Stlth+} (Okawaru
                  | gifted it to you in an ice cave)
 23778 | IceCv    | Received a gift from Okawaru
 24173 | IceCv    | Reached skill level 15 in Armour
 24612 | D:13     | Identified the +0 scale mail "Gexiun" {SInv}
 24843 | D:13     | Found a glowing silver altar of Zin.
 25982 | Lair:5   | Entered Level 5 of the Lair of Beasts
 26392 | Lair:5   | Noticed Josephine
 26405 | Lair:5   | Killed Josephine
 26413 | Lair:5   | Reached XP level 15. HP: 119/138 MP: 15/15
 26459 | Lair:5   | Found a staircase to the Slime Pits.
 26462 | Lair:5   | Found a viscous altar of Jiyva.
 26612 | Lair:5   | Reached skill level 17 in Shields
 27418 | Lair:5   | Reached skill level 5 in Stealth
 27789 | Lair:5   | Identified the +8 chain mail of the Banana {rPois Str-3
                  | Dex+3} (Okawaru gifted it to you on level 5 of the Lair of
                  | Beasts)
 27789 | Lair:5   | Received a gift from Okawaru
 28258 | Lair:5   | Found a runed translucent door.
 28648 | Lair:5   | Paralysed by a hornet for 1 turns
 29575 | D:14     | Found an opulent altar of Gozag.
 29599 | D:14     | Found a gate to the Vaults.
 29609 | D:14     | Reached skill level 15 in Fighting
 29735 | D:14     | Reached skill level 18 in Shields
 30237 | D:14     | Identified the +6 hand axe "Jellyslayer" {freeze, rElec rF+
                  | rC++ Str+3}
 30291 | D:15     | Entered Level 15 of the Dungeon
 31019 | D:15     | Found a white marble altar of Elyvilon.
 31157 | D:15     | Found a staircase to the Depths.
 31179 | D:15     | Reached XP level 16. HP: 149/149 MP: 16/16
 31653 | Elf:1    | Entered Level 1 of the Elven Halls
 31653 | Elf:1    | Found a runed translucent gate.
 31653 | Elf:1    | Found a runed translucent gate.
 31653 | Elf:1    | Found a runed translucent gate.
 31653 | Elf:1    | Found a runed translucent gate.
 31653 | Elf:1    | Found a runed translucent gate.
 31653 | Elf:1    | Found a runed translucent gate.
 31655 | Elf:1    | Found a runed translucent door.
 31667 | Elf:1    | Received a gift from Okawaru
 31686 | Elf:1    | Found a runed translucent door.
 31750 | Elf:1    | Got the Opusculum on Breezy Scree
 31769 | Elf:1    | Acquired 997 gold pieces
 31905 | Elf:1    | Found a transporter.
 31914 | Elf:1    | Noticed crabbadon's ghost (adept MiHu)
 31971 | Elf:1    | Noticed Jorgrun
 31985 | Elf:1    | HP: 5/149 [constriction (6)]
 31986 | Elf:1    | Incinerated by a deep elf pyromancer

Illustrated notes

Levels and vault maps discovered:
D:1:      dpeg_arrival_erosion, layout_loops_corners, roderic_cross_of_infinity
D:2:      kennysheep_six_static_rooms, layout_loops_cross,
          shapermc_ecumenical_altar_petra, basic_altar
D:3:      layout_basic
D:4:      layout_loops_ring, gup_sewer_entry_glass, uniq_grinder
D:5:      layout_rooms, mainiacjoe_overflow_small_starburst
D:6:      layout_basic, temple_hall, gammafunk_ghost_gnarly_gnolls,
          hangedman_decor_opposing, minmay_hedge_maze
D:7:      minmay_flawed_box, layout_loops_cross
D:8:      layout_basic, lair_entry_dummy, hangedman_feature_mirror,
          solitary_fountain
D:9:      layout_big_octagon, serial_bayou_lagoon_a, library_closet, the_hattery
D:10:     layout_basic, orc_0_dummy, enter_bailey_4, enter_trove_0, uniq_fannar
D:11:     lemuel_insect_pit, layout_basic, ebering_dispersal_statue_hall,
          kennysheep_generic_room_16
D:12:     minmay_dotted_concentric_squares, layout_basic, uniq_maurice
D:13:     layout_layer_cave, portal_ice_cave_demonic_guard, zin_treasury
D:14:     layout_long_grid, erik_vaults_1, kennysheep_cross_room,
          grunt_ministairs_4, nicolae_gozag_cash_rules_everything_around_me
D:15:     grunt_enter_depths_magical_seal, layout_basic,
          nicolae_elyvilon_peaceful_grove
Temple:   compressed_dpeg_circular_temple
Lair:1:   cheibrodos_lair_river_kwai, layout_concentric_octagons
Lair:2:   layout_cave_shapes, nicolae_spider_entry_lesser_pyramids,
          nicolae_lair_run_with_the_wolves
Lair:3:   layout_regular_city, minmay_shoals_entry_beasts
Lair:4:   layout_cave_pods, st_stairs_13, kennysheep_basilisk_garden, uniq_sonja
Lair:5:   wormcave, layout_regular_city, hangedman_lair_caniforms_friends,
          slime_entry_1, pdpol_lair_cavern_descent, uniq_josephine
Orc:1:    layout_caves, lightli_orcish_oven
Orc:2:    st_orc_rangers, layout_caves, basic_altar, nicolae_alphabet_shops
Elf:1:    nicolae_elf_arrival_dilemma, layout_gridlike,
          gammafunk_ghost_berserking_beasts, minivault_28, uniq_agnes,
          uniq_kirke, uniq_jorgrun

Skill      XL: |  1  2  3  4  5  6  7  8  9 10 11 12 13 14 15 |
---------------+----------------------------------------------+-----
Fighting       | 4 5 6 7 8 10 11 12 14 15 | 15.6
Armour         | 4 5 6 7 8 10 12 14 15 16 | 16.8
Shields        | 4 5 6 8 10 11 12 14 16 18 | 18.6
Long Blades    | 3 4 5 6 7 9 10 12 13 14 15 16 | 16.4
Dodging        | 1 2 3 4 5 |  5.9
Stealth        | 1 2 3 4 5 |  5.6
Axes           | 2 5 |  5.5
Invocations    | 2 |  2.1
Evocations     | |  0.8

Action                     |  1- 3 |  4- 6 |  7- 9 | 10-12 | 13-15 | 16-18 || total
---------------------------+-------+-------+-------+-------+-------+-------++-------
  Melee: Long sword        |    91 |   102 |   291 |   541 |  1320 |    69 ||  2414
         Headbutt          |    16 |    21 |    65 |   120 |   384 |    24 ||   630
         War axe           |       |       |       |    25 |    24 |       ||    49
 Invoke: Heroism           |       |       |     2 |     8 |     2 |     3 ||    15
  Evoke: Wand              |       |       |       |       |     5 |       ||     5
    Use: Potion            |     4 |       |     1 |     8 |     4 |       ||    17
         Scroll            |     1 |    12 |     5 |     5 |     4 |     2 ||    29
   Stab: Distracted        |       |       |       |     6 |    20 |       ||    26
         Petrified         |       |       |       |       |       |     1 ||     1
 Armour: Scale mail        |    49 |    23 |    78 |    11 |       |       ||   161
         Plate armour      |       |       |       |   241 |   803 |    41 ||  1085
  Dodge: Dodged            |    43 |    63 |   173 |   248 |   509 |    11 ||  1047
  Block: Buckler           |    35 |    18 |       |       |       |       ||    53
         Kite shield       |       |    15 |   167 |   362 |  1191 |    48 ||  1783
